 Dungeon Crawl Stone Soup version 0.17-a0-1880-gacf7e67 (webtiles) character file.

843 mcbry74 the Ruffian (level 7, -22/70 HPs)
             Began as a Troll Monk on Sept 21, 2015.
             Was a Believer of Nemelex Xobeh.
             Annihilated by a white ugly thing (32 damage)
             ... summoned by the player character
             ... on level 6 of the Dungeon.
             The game lasted 00:27:24 (4123 turns).

mcbry74 the Ruffian (Troll Monk)                    Turns: 4123, Time: 00:27:24

Health: -22/70     AC:  6    Str: 21    XL:     7   Next: 68%
Magic:  6/6        EV: 11    Int:  7    God:    Nemelex Xobeh [**....]
Gold:   369        SH:  0    Dex: 12    Spells: 0 memorised, 6 levels left

rFire  . . .     SeeInvis .       - Unarmed
rCold  . . .     Clarity  .     a - +0 robe
rNeg   . . .     SustAt   .     (no shield)
rPois  .         Gourm    +     (helmet restricted)
rElec  .         Spirit   .     u - +0 cloak
rCorr  .         Warding  .     (gloves unavailable)
rMut   .         Stasis   .     (boots unavailable)
MR     .....                    (no amulet)
Stlth  ++........               (no ring)
                                (no ring)

@: drained, not resistant to hostile enchantments, unstealthy
A: unfitting armour, claws 3, fast metabolism 3, gourmand, regeneration 2,
shaggy fur 1, tough skin 2
a: Renounce Religion


You were on level 6 of the Dungeon.
You worshipped Nemelex Xobeh.
Nemelex Xobeh was pleased with you.
You were full.

You visited 2 branches of the dungeon, and saw 7 of its levels.
You also visited: Sewer.

You collected 369 gold pieces.

Inventory:

Armour
 a - a +0 robe (worn)
 u - a +0 cloak (worn)
 D - a +1 hat
Magical devices
 z - a wand of flame (11)
 F - a wand of magic darts (16)
Scrolls
 c - a scroll of remove curse
 d - 8 scrolls of teleportation
 e - a scroll of enchant armour {unknown}
 f - a scroll of enchant weapon {unknown}
 i - 3 scrolls of blinking
 j - a scroll of immolation
 t - 8 scrolls of identify
Potions
 k - a potion of degeneration {unknown}
 n - 4 potions of curing {unknown}
 p - 2 potions of flight
 r - a potion of agility {unknown}
 s - a potion of resistance
 C - a potion of brilliance {unknown}
Miscellaneous
 o - a sack of spiders
 v - a plain deck of destruction {drawn: 4}
 w - a plain deck of war {drawn: 6}
 y - a plain deck of war
 B - an ornate deck of war {drawn: 3}
Comestibles
 b - 7 bread rations
 h - a beef jerky
 l - a slice of pizza
 q - 4 meat rations


   Skills:
 + Level 4.2(4.0) Fighting
 + Level 4.6(4.4) Dodging
 + Level 2.0(1.8) Stealth
 * Level 6.4(6.1) Unarmed Combat
 * Level 0.7(0.4) Evocations


You had 6 spell levels left.
You didn't know any spells.

Dungeon Overview and Level Annotations

Branches:
Dungeon (6/15)             Temple (1/1) D:4

Altars:
Ashenzari
Cheibriados
Dithmenos
Elyvilon
Makhleb
Nemelex Xobeh
Okawaru
Ru
Sif Muna
Trog
Vehumet
Zin
The Shining One


Innate Abilities, Weirdness & Mutations

You are too large for most types of armour.
You have claws for hands.
Your metabolism is lightning-fast.
You like to eat raw meat.
You heal very quickly.
You are covered in fur (AC +1).
You have very tough skin (AC +2).


Message History

The orc wizard mumbles some strange words.
The orc wizard flickers and vanishes!
Deactivating autopickup; reactivate with Ctrl-A.
What do you say? t - Shout!
Orders for allies: a - Attack new target. p - Attack previous target. r - Retreat! s - Stop attacking. w - Wait here. f - Follow me.
Anything else - Stay silent.
Gang up on whom?
Press: ? - help, Dir - move target cursor, f - orc warrior, p - white ugly thing
Aim: an orc warrior, wielding a hand axe and wearing a chain mail Attack!
The white ugly thing punches you! The white ugly thing freezes you!!
There is a stone staircase leading down here.
Evoke which item? (* to show all) (? for menu, Esc to quit)
You draw a card...
It is the Elixir.
The white ugly thing punches you!
* * * LOW HITPOINT WARNING * * *
The white ugly thing freezes you!!
You die...
Your body disappears without a glow.

######### ###)......#
##############.........#
#.......{o..u@.#.......#
.....##############.......#
..(. #####>### ##. ### #.#
#. ..## #.# # .....#### #.#
#.##....## ##.##
#........## #...#
##........# #...#


You could see a white ugly thing and an orc warrior.

Vanquished Creatures
  Grinder (D:3)
  The ghost of comborobin the Caller, an average TeSu (Sewer)
  Purgy (Sewer)
  A crimson imp (D:6)
  An orc priest (D:4)
  An orc wizard (D:4)
  A hound (D:5)
  A giant frog skeleton (D:5)
  A worker ant (D:6)
  5 adders
  A shadow imp (D:5)
  4 orcs
  7 bats
  4 giant cockroaches
  6 hobgoblins
  3 jackals
  8 kobolds
  3 quokkas
  2 ball pythons
  A giant cockroach zombie (D:4)
  2 giant geckos
  4 giant newts
  6 goblins
  11 rats
76 creatures vanquished.

Vanquished Creatures (collateral kills)
  Edmund (D:6)
  A scorpion (D:6)
  A giant frog skeleton (D:5)
  An adder (D:4)
  5 orcs (D:3)
  A giant cockroach (D:6)
  10 jackals
  A giant newt (D:3)
  A kobold (D:3)
22 creatures vanquished.

Vanquished Creatures (others)
  An orc (D:4)
1 creature vanquished.

Grand Total: 99 creatures vanquished

Notes
Turn   | Place    | Note
--------------------------------------------------------------
     0 | D:1      | mcbry74 the Troll Monk began the quest for the Orb.
     0 | D:1      | Reached XP level 1. HP: 22/22 MP: 0/0
     2 | D:1      | Noticed an elf
     2 | D:1      | Noticed a minotaur
     4 | D:1      | Noticed an octopode
     6 | D:1      | Noticed a vampire
     6 | D:1      | Noticed a naga
     8 | D:1      | Noticed a human
    10 | D:1      | Noticed a demigod
    10 | D:1      | Noticed a troll
    12 | D:1      | Noticed a draconian
    12 | D:1      | Noticed a demonspawn
    14 | D:1      | Noticed a dwarf
    14 | D:1      | Noticed a gargoyle
    16 | D:1      | Noticed a felid
    18 | D:1      | Noticed a centaur
    18 | D:1      | Noticed a formicid
    20 | D:1      | Noticed an ogre
    22 | D:1      | Noticed a spriggan
    22 | D:1      | Noticed a ghoul
    24 | D:1      | Noticed a vine stalker
    26 | D:1      | Noticed a merfolk
    26 | D:1      | Noticed a tengu
   354 | D:1      | Reached XP level 2. HP: 23/29 MP: 1/1
   819 | D:2      | Reached XP level 3. HP: 28/36 MP: 2/2
  1465 | D:3      | Found a glowing drain.
  1469 | Sewer    | Entered a sewer
  1504 | Sewer    | Noticed Purgy
  1515 | Sewer    | Killed Purgy
  1515 | Sewer    | Reached skill level 5 in Unarmed Combat
  1515 | Sewer    | Reached XP level 4. HP: 25/45 MP: 3/3
  1515 | Sewer    | Reached XP level 5. HP: 29/53 MP: 4/4
  1565 | Sewer    | Noticed comborobin's ghost (average TeSu)
  1577 | Sewer    | Killed comborobin's ghost
  1780 | D:3      | Reached XP level 6. HP: 57/61 MP: 5/5
  1785 | D:3      | Noticed Grinder
  1792 | D:3      | Paralysed by Grinder for 7 turns
  1817 | D:3      | Killed Grinder
  2363 | D:3      | Found a sparkling altar of Nemelex Xobeh.
  2413 | D:3      | Became a worshipper of Nemelex Xobeh the Trickster
  2413 | D:3      | Received a gift from Nemelex Xobeh
  2413 | D:3      | Received a gift from Nemelex Xobeh
  2855 | D:4      | Reached XP level 7. HP: 58/68 MP: 6/6
  2900 | D:4      | Received a gift from Nemelex Xobeh
  2940 | D:4      | Found a staircase to the Ecumenical Temple.
  2967 | Temple   | Entered the Ecumenical Temple
  3262 | D:4      | Reached skill level 6 in Unarmed Combat
  3280 | D:4      | Received a gift from Nemelex Xobeh
  3514 | D:5      | Entered Level 5 of the Dungeon
  3733 | D:5      | Got a distressingly furry leather armour
  3821 | D:5      | Found a shattered altar of Ashenzari.
  3867 | D:6      | Noticed Edmund
  3880 | D:6      | Killed Edmund
  4106 | D:6      | Noticed a white ugly thing
  4123 | D:6      | Annihilated by a white ugly thing

Vault maps used:
D:1:      kb_arrival_jail
D:2:      first_bread, grunt_ministairs_15, kennysheep_boxes
D:3:      overflow_temple_1_default, gup_sewer_entry_bowl, uniq_grinder
D:4:      minmay_temple_entry_overgrown
D:5:      old_standard_altar, feat_on_display
D:6:      lemuel_crystal_altar, uniq_edmund, uniq_crazy_yiuf_cottage
Temple:   bh_familiar_temple
Sewer:    kennysheep_door_sewer

Action                   |  1- 3 |  4- 6 |  7- 9 || total
-------------------------+-------+-------+-------++-------
Melee: Unarmed           |   105 |    63 |    84 ||   252
Evoke: Deck              |       |     2 |    11 ||    13
  Use: Scroll            |       |     2 |     7 ||     9
       Potion            |       |       |     2 ||     2
 Stab: Sleeping          |     1 |     2 |       ||     3
       Invisible         |       |       |     2 ||     2
  Eat: Chunk             |    11 |    16 |    14 ||    41
